 Dungeon Crawl Stone Soup version 0.28.0-1-gb440e238dd (webtiles) character file.

Game seed: 14265872148674342949

23 Colgate the Conjurer (level 2, 0/19 HPs)
             Began as a Demonspawn Conjurer on Feb 19, 2022.
             Was a Follower of Makhleb.
             Slain by Sigmund (2 damage)
             ... on level 2 of the Dungeon.
             The game lasted 00:02:21 (1183 turns).

Colgate the Conjurer (Demonspawn Conjurer)          Turns: 1183, Time: 00:02:22

Health: 0/19       AC:  2    Str:  7    XL:     2   Next: 72%
Magic:  1/5        EV: 12    Int: 19    God:    Makhleb [*.....]
Gold:   30         SH:  0    Dex: 11    Spells: 2/5 levels left

rFire   . . .      SeeInvis .     - Unarmed
rCold   . . .      Faith    .   (no shield)
rNeg    . . .      Spirit   .   a - +0 robe
rPois   .          Reflect  .   (no helmet)
rElec   .          Harm     .   (no cloak)
rCorr   .          Rampage  .   (no gloves)
Will    .....                   (no boots)
Stlth   ++........              (no amulet)
HPRegen 0.06/turn               d - ring of wizardry
MPRegen 0.09/turn               (no ring)

@: no status effects
A: claws 1
a: Renounce Religion


You were on level 2 of the Dungeon.
You worshipped Makhleb.
Makhleb was aware of your devotion.
You visited 1 branch of the dungeon, and saw 2 of its levels.

You collected 30 gold pieces.

Inventory:

Armour
 a - a +0 robe (worn)
Jewellery
 d - a ring of wizardry (left claw)
Scrolls
 b - a scroll of silence {unknown}
 c - a scroll of identify {unknown}
 e - 2 scrolls of teleportation {unknown}


   Skills:
 - Level 1.7 Dodging
 - Level 1.7 Stealth
 + Level 1.3 Unarmed Combat
 - Level 2.0 Spellcasting
 - Level 4.4 Conjurations


You had 2 spell levels left.
You knew the following spells:

 Your Spells              Type           Power      Damage    Failure   Level
a - Magic Dart            Conj           72%        1d6       1%          1
b - Searing Ray           Conj           36%        2d5       1%          2

Your spell library contained the following spells:

 Spells                   Type           Power      Damage    Failure   Level
 Dazzling Flash           Conj/Hex       20%        N/A       9%          3
 Fulminant Prism          Conj/Hex       5%         3d7       26%         4
 Iskenderun's Mystic Bla  Conj/Tloc      10%        2d4       26%         4


Dungeon Overview and Level Annotations

Branches:
Dungeon (2/15)

Altars:
Makhleb

Shops:
D:2 !

Annotations:
D:2 Sigmund


Innate Abilities, Weirdness & Mutations

You have sharp fingernails.


Message History

You kill the quokka!
Makhleb accepts your kill. (Press . to maintain the ray.)
A hobgoblin comes into view.
The magic dart hits the hobgoblin but does no damage.
The magic dart hits the hobgoblin.
You kill the hobgoblin!
Makhleb accepts your kill.
Sigmund the Dreaded comes into view.
He is wielding a +0 scythe and carrying a wand of digging (3).
Found a hand axe.
Sigmund shouts!
Sigmund hits you from afar with a +0 scythe.
Casting: Magic Dart (safe; 1% risk of failure)
Aiming: Searing Ray (safe; 1% risk of failure)
Aim: Sigmund, wielding a +0 scythe, wearing a +0 robe and carrying a wand of digging (3) (75% to hit)
The searing ray hits Sigmund. (Press . to maintain the ray.)
The searing ray misses Sigmund.
Sigmund whispers, "You'll know eternity soon."
Sigmund barely misses you.
The searing ray hits Sigmund.
Sigmund barely misses you.
The searing ray hits Sigmund.
You finish channelling your searing ray.
Found a stone staircase leading up.
Sigmund misses you.
You barely miss Sigmund. Sigmund closely misses you.
You scratch Sigmund but do no damage. You barely miss Sigmund.
Sigmund closely misses you.
You scratch Sigmund. You claw Sigmund, but do no damage.
Sigmund hits you with a +0 scythe!
Ouch! That really hurt!
You barely miss Sigmund. You scratch Sigmund. Sigmund barely misses you.
You scratch Sigmund. Sigmund closely misses you.
You barely miss Sigmund. You scratch Sigmund but do no damage.
Sigmund hits you with a +0 scythe.
* * * LOW HITPOINT WARNING * * *
You barely miss Sigmund. Sigmund hits you but does no damage.
You scratch Sigmund. You scratch Sigmund. Sigmund hits you with a +0 scythe.
You die...

#### ########### ...
#......#..# .
#.#####.####.#..#
..##.....).#....#..#
>.##..########.##..#
..##.........#.....#+####
..###.##.###.####.#.....#
.........###<####.'.....#
#.....####...).@@##.†...#
#.#†..# #.......# .†...#
#.....# #.......# ....#
#.#.### #.......# ....#
#.#.# #.......# ...#
..#.# ###∩##### ...#
..#.# #. ..#.# # #.#.#


You could see Sigmund.

Vanquished Creatures
  2 ball pythons (D:1)
  3 endoplasms
  2 giant cockroaches (D:1)
  A goblin (D:1)
  A hobgoblin (D:2)
  2 jackals (D:1)
  A quokka (D:2)
  A bat (D:1)
  2 frilled lizards
  2 kobolds
  4 rats
21 creatures vanquished.

Notes
Turn   | Place    | Note
-------+----------+-------------------------------------------
     0 | D:1      | Colgate the Demonspawn Conjurer began the quest for the
                  | Orb.
     0 | D:1      | Reached XP level 1. HP: 13/13 MP: 3/3
   220 | D:1      | Discovered your monstrous ancestry.
   220 | D:1      | Gained mutation: You have sharp fingernails. [demonic
                  | ancestry]
   220 | D:1      | Reached XP level 2. HP: 19/19 MP: 1/5
   418 | D:1      | Learned a level 2 spell: Searing Ray
   437 | D:1      | Found a faded altar of an unknown god.
   450 | D:1      | Prayed at the altar of an unknown god.
   450 | D:1      | Became a worshipper of Makhleb the Destroyer
   450 | D:1      | Reached * piety under Makhleb
   989 | D:2      | Reached skill level 1 in Unarmed Combat
  1097 | D:2      | Found Muc Culu's Distillery.
  1166 | D:2      | Noticed Sigmund
  1183 | D:2      | Slain by Sigmund

Illustrated notes

Levels and vault maps discovered:
D:1:      dpeg_arrival_round_b, layout_loops_ring, shapermc_ecumenical_altar_gd
D:2:      minmay_recursive_quarters, layout_basic, serial_shops, shop,
          uniq_robin, uniq_sigmund

Skill      XL: |  1  2 |
---------------+-------+-----
Unarmed Combat | 1 |  1.3
Dodging        | |  1.7
Stealth        | |  1.7
Spellcasting   | |  2.0
Conjurations   | |  4.4

Action                   || total
-------------------------++-------
Melee: Unarmed           ||    23
       Punch             ||     1
 Cast: Magic Dart        ||    31
       Searing Ray       ||     3
Armor: Robe              ||     1
Dodge: Dodged            ||    18
